 Dungeon Sprint DCSS version 0.29-a0-717-g6dac4ea423 (webtiles) character file.

Game seed: 15562552126306321035

2883 mhtbhm the Imperceptible (level 9, -2/45 HPs)
             Began as a Spriggan Enchanter on June 26, 2022.
             Was a Priest of Dithmenos.
             Slain by a wandering mushroom (7 damage)
             ... in the Dungeon (Sprint III: "The Ten Rune Challenge").
             The game lasted 00:03:28 (1300 turns).

mhtbhm the Imperceptible (Spriggan Enchanter)       Turns: 1300, Time: 00:03:29

Health: -2/45      AC:  4    Str:  4    XL:     9   Next: 48%
Magic:  25/25      EV: 22    Int: 17    God:    Dithmenos [***...]
Gold:   44         SH:  0    Dex: 19    Spells: 9/25 levels left

rFire   . . .      SeeInvis +   a - +2 dagger (elec)
rCold   . . .      Faith    .   (no shield)
rNeg    . . .      Spirit   .   b - +2 robe
rPois   .          Reflect  .   (helmet restricted)
rElec   +          Harm     .   (no cloak)
rCorr   .          Rampage  .   (gloves unavailable)
Will    +....      NoTele   +   (boots unavailable)
Stlth   ++........              (no amulet)
HPRegen 0.15/turn               (no ring)
MPRegen 0.19/turn               (no ring)

@: confused, wreathed by umbra, slow
A: very small, no large weapons, unfitting armour, see invisible, speed 3, horns
1, high MP 1, electricity resistance
a: Renounce Religion, Shadow Step


You were in the Dungeon.
You worshipped Dithmenos.
Dithmenos was most pleased with you.
You visited 1 branch You collected 44 gold pieces.

Inventory:

Hand Weapons
 a - a +2 dagger of electrocution (weapon)
Armour
 b - a +2 robe (worn)
Scrolls
 i - 2 scrolls of blinking
 k - a scroll of torment {unknown}
 l - 3 scrolls of identify
 n - a scroll of immolation {unknown}
Potions
 c - 2 potions of invisibility
 d - a potion of curing
 e - 3 potions of heal wounds
 f - a potion of haste
 g - 2 potions of magic
 h - a potion of berserk rage
 j - 4 potions of mutation
 m - 2 potions of flight
 o - a potion of degeneration {unknown}
Miscellaneous
 p - a box of beasts


   Skills:
 + Level 3.6 Fighting
 + Level 6.7 Short Blades
 + Level 7.0 Dodging
 + Level 21.3 Stealth
 + Level 8.9 Spellcasting
 + Level 0.4 Conjurations
 + Level 12.2 Hexes
 + Level 2.1 Ice Magic
 * Level 7.2 Invocations


You had 9 spell levels left.
You knew the following spells:

 Your Spells              Type           Power      Damage    Failure   Level
a - Ensorcelled Hibernat  Hex/Ice        64%        N/A       1%          2
b - Confusing Touch       Hex            49%        N/A       1%          3
c - Tukima's Dance        Hex            49%        N/A       1%          3
d - Dazzling Flash        Conj/Hex       58%        N/A       1%          3
e - Slow                  Hex            100%       N/A       1%          1
f - Fulminant Prism       Conj/Hex       14%        3d9       7%          4

Your spell library contained the following spells:

 Spells                   Type           Power      Damage    Failure   Level
 Magic Dart               Conj           36%        1d4       8%          1
 Searing Ray              Conj           18%        2d5       12%         2
 Vampiric Draining        Necr           7%         2d6       28%         3


Dungeon Overview and Level Annotations

Branches:
Dungeon (1/1)

Altars:
Cheibriados
Dithmenos
Elyvilon
Fedhas
Gozag
Hepliaklqana
Kikubaaqudgha
Makhleb
Nemelex Xobeh
Okawaru
Qazlal
Ru
Sif Muna
Trog
Uskayaw
Vehumet
Wu Jian
Xom
Yredelemnul
Zin
The Shining One
Beogh
Jiyva
Lugonu


Innate Abilities, Weirdness & Mutations

You are very small and have problems with some larger weapons.
You are too small for most types of armour.
You have supernaturally acute eyesight. (SInv)
You cover ground extremely quickly. (Speed+++)
You have a pair of small horns on your head.
You have an increased reservoir of magic. (+10% MP)
You are resistant to electric shocks. (rElec)


Message History

You open the door.
There is an open door here.
An unseen horror comes into view.
The helpless unseen horror fails to defend itself.
You spit the unseen horror like a pig!!!!!
You kill the unseen horror!
Dithmenos accepts your kill.
Your Dodging skill increases to level 7!
Your Stealth skill increases to level 21!
Your Invocations skill increases to level 7!
You open the door.
A wandering mushroom comes into view.
There is an open door to the Lair of Beasts here.
You enter the shallow water.
Moving in this stuff is going to be slow.
A wandering mushroom comes into view.
A wandering mushroom comes into view.
The wandering mushroom releases spores at you!
You are engulfed in a cloud of spores!
You are confused.
You're too confused to move!
The wandering mushroom completely misses you.
Unknown command.
You hit the wandering mushroom.
The wandering mushroom is lightly damaged.
The wandering mushroom misses you.
The wandering mushroom attacks as you move away!
The wandering mushroom releases spores at you.
You are engulfed in a cloud of spores!
A wandering mushroom is nearby!
A wandering mushroom is nearby!
A wandering mushroom is nearby!
A wandering mushroom is nearby!
The wandering mushroom releases spores at you!!
* * * LOW HITPOINT WARNING * * *
You are engulfed in a cloud of spores!
You are more confused.
The wandering mushroom attacks as you move away!
The wandering mushroom releases spores at you!
You die...

........# .######'#
.#__#...#+#####################
.#__#...#..≈§§§§#.'...'.#.#.#.+
##__#...#.#§≈§#§#.#.).##.#.#.##
.#__#...'.#.§§#.#.#)..#.#.#.#.#
_#__'...#.#§[.#...#...##.#.#.#
▓▓▓▓▓▓▓▓▓▓▓▓▓▓▓▓▓▓▓▓▓▓#.#.#.#
f.f...f@≈≈...##.#.#.#
≈≈≈≈≈≈≈≈≈♣♣P.'.#.#.#.#
♣♣♣♣♣♣♣♣♣♣♣PP##.#.#.##
♣♣♣##+#####


You could see 3 wandering mushrooms.

Vanquished Creatures
  Josephine (D)
  A centaur warrior (D)
  A deep elf pyromancer (D)
  An unseen horror (D)
  A shadow (D)
  A spatial vortex (D)
  2 centaurs (D)
  An earth elemental (D)
  A water elemental (D)
  A necrophage (D)
  A jelly (D)
  Jessica (D)
  A necromancer (D)
  A wizard (D)
  3 humans (D)
  A kobold demonologist (D)
  A phantom (D)
  2 endoplasms (D)
  A rat (D)
23 creatures vanquished.

Notes
Turn   | Place    | Note
-------+----------+-------------------------------------------
     0 | D        | mhtbhm the Spriggan Enchanter began the quest for the Orb.
     0 | D        | Reached XP level 1. HP: 9/9 MP: 5/5
    10 | D        | Reached skill level 5 in Stealth
   204 | D        | Noticed Jessica
   207 | D        | Killed Jessica
   208 | D        | Reached skill level 7 in Stealth
   208 | D        | Reached skill level 5 in Hexes
   208 | D        | Reached XP level 2. HP: 13/13 MP: 5/7
   208 | D        | Reached XP level 3. HP: 16/16 MP: 6/9
   222 | D        | Learned a level 2 spell: Ensorcelled Hibernation
   226 | D        | Learned a level 3 spell: Confusing Touch
   230 | D        | Learned a level 3 spell: Tukima's Dance
   280 | D        | Reached skill level 8 in Stealth
   448 | D        | Gained mutation: You have a pair of small horns on your
                  | head. [potion of mutation]
   448 | D        | Gained mutation: You have an increased reservoir of magic.
                  | (+10% MP) [potion of mutation]
   448 | D        | Gained mutation: You are resistant to electric shocks.
                  | (rElec) [potion of mutation]
   513 | D        | Noticed a water elemental
   518 | D        | Killed a water elemental
   519 | D        | Reached skill level 10 in Stealth
   519 | D        | Reached XP level 4. HP: 21/21 MP: 10/12
   535 | D        | Learned a level 3 spell: Dazzling Flash
   535 | D        | Found a basalt altar of Yredelemnul.
   535 | D        | Found a shadowy altar of Dithmenos.
   535 | D        | Found a sacrificial altar of Ru.
   535 | D        | Noticed a necrophage
   540 | D        | Killed a necrophage
   541 | D        | Reached skill level 11 in Stealth
   541 | D        | Reached skill level 5 in Spellcasting
   541 | D        | Reached XP level 5. HP: 12/25 MP: 6/14
   542 | D        | Reached skill level 1 in Fighting
   610 | D        | Became a worshipper of Dithmenos the Shadowed
   708 | D        | Found a glowing silver altar of Zin.
   709 | D        | Found a glowing golden altar of the Shining One.
   709 | D        | Found a white marble altar of Elyvilon.
   709 | D        | Noticed a deep elf pyromancer
   711 | D        | Killed a deep elf pyromancer
   712 | D        | Reached skill level 5 in Dodging
   712 | D        | Reached skill level 15 in Stealth
   712 | D        | Reached skill level 10 in Hexes
   712 | D        | Reached XP level 6. HP: 30/30 MP: 16/18
   712 | D        | Reached XP level 7. HP: 35/35 MP: 17/20
   723 | D        | Found a radiant altar of Vehumet.
   724 | D        | Found a shimmering blue altar of Sif Muna.
   724 | D        | Found an ancient bone altar of Kikubaaqudgha.
   726 | D        | Reached skill level 5 in Short Blades
   726 | D        | Reached skill level 16 in Stealth
   734 | D        | Reached * piety under Dithmenos
   748 | D        | Learned a level 1 spell: Slow
   753 | D        | Learned a level 4 spell: Fulminant Prism
   765 | D        | Noticed a shadow
   767 | D        | Killed a shadow
   788 | D        | Reached skill level 17 in Stealth
   886 | D        | Found a hide-covered altar of Uskayaw.
   886 | D        | Found an iron altar of Okawaru.
   887 | D        | Found a bloodstained altar of Trog.
   887 | D        | Found an ornate altar of the Wu Jian Council.
   887 | D        | Noticed a human
   887 | D        | Noticed a human
   893 | D        | Killed a human
   893 | D        | Reached ** piety under Dithmenos
   895 | D        | Killed a human
   896 | D        | Reached XP level 8. HP: 27/39 MP: 16/22
  1003 | D        | Found a blossoming altar of Fedhas.
  1003 | D        | Found a stormy altar of Qazlal.
  1004 | D        | Found a snail-covered altar of Cheibriados.
  1004 | D        | Found a burning altar of Makhleb.
  1004 | D        | Found a hazy altar of Hepliaklqana.
  1004 | D        | Found a shimmering altar of Xom.
  1004 | D        | Found an opulent altar of Gozag.
  1004 | D        | Found a sparkling altar of Nemelex Xobeh.
  1004 | D        | Found a corrupted altar of Lugonu.
  1004 | D        | Found a viscous altar of Jiyva.
  1009 | D        | Reached skill level 18 in Stealth
  1028 | D        | Noticed Josephine
  1030 | D        | Killed Josephine
  1031 | D        | Reached skill level 19 in Stealth
  1031 | D        | Reached skill level 1 in Ice Magic
  1031 | D        | Reached skill level 5 in Invocations
  1070 | D        | Noticed a centaur warrior
  1072 | D        | Reached *** piety under Dithmenos
  1073 | D        | Reached XP level 9. HP: 30/44 MP: 24/24
  1076 | D        | Killed a centaur warrior
  1077 | D        | Reached skill level 20 in Stealth
  1283 | D        | Noticed an unseen horror
  1284 | D        | Killed an unseen horror
  1285 | D        | Reached skill level 21 in Stealth
  1289 | D        | Noticed a wandering mushroom
  1293 | D        | Noticed a wandering mushroom
  1295 | D        | Noticed a wandering mushroom
  1300 | D        | Slain by a wandering mushroom

Illustrated notes

Levels and vault maps discovered:
D:        dungeon_sprint_mu [sprint_mu_entry_forest, sprint_mu_temple_rooms,
          sprint_mu_d1_horrors, sprint_mu_d2_genie, sprint_mu_d3_branching,
          sprint_mu_orc_legion, sprint_mu_elf_gauntlet, sprint_mu_hive_nellie,
          sprint_mu_lair_fedhas, sprint_mu_vaults_butterflies,
          sprint_mu_slime_circle, sprint_mu_swamp_cave, sprint_mu_snake_twists,
          sprint_mu_blade_basic, sprint_mu_crypt_lich, sprint_mu_tomb_spiral,
          sprint_mu_vestibule_basic, sprint_mu_gehenna_hellfire,
          sprint_mu_dis_giant, sprint_mu_tartarus_statrot,
          sprint_mu_cocytus_islands, sprint_mu_zot1]

Skill      XL: |  1  2  3  4  5  6  7  8  9 |
---------------+----------------------------+-----
Dodging        | 3 4 5 6 7 |  7.0
Stealth        | 7 10 11 15 17 19 21 | 21.3
Hexes          | 5 7 10 11 12 | 12.2
Spellcasting   | 3 4 5 7 8 |  8.9
Short Blades   | 2 3 4 5 6 |  6.7
Fighting       | 2 3 |  3.6
Invocations    | 3 5 7 |  7.2
Ice Magic      | 1 2 |  2.1
Conjurations   | |  0.4

Action                   |  1- 3 |  4- 6 |  7- 9 || total
-------------------------+-------+-------+-------++-------
Melee: Dagger            |    13 |     5 |    29 ||    47
       Headbutt          |       |       |     2 ||     2
       Punch             |       |       |     1 ||     1
 Cast: Confusing Touch   |     1 |     1 |     2 ||     4
       Dazzling Flash    |       |     1 |     3 ||     4
       Ensorcelled Hiber |       |       |     4 ||     4
Invok: Shadow Step       |       |       |     1 ||     1
  Use: Potion            |     1 |       |       ||     1
 Stab: Sleeping          |     5 |     1 |     8 ||    14
       Confused          |     1 |     1 |     2 ||     4
       Invisible         |       |     1 |     4 ||     5
Armor: Robe              |       |       |     1 ||     1
Dodge: Dodged            |     3 |     3 |    26 ||    32

Table legend: (Time is in decaauts)
 A = Elapsed time spent in this place.
 B = Non-inter-level travel time spent in this place.
 C = Inter-level travel time spent in this place.
 D = Time resting spent in this place.
 E = Time spent auto-exploring this place.
 F = Levels seen in this place.
 G = Mean time per level.
                   A        B        C        D        E       F      G
               +--------+--------+--------+--------+--------+-----+--------+
         Total |   1192 |   1192 |      0 |    911 |      0 |   1 | 1192.0 |
       Dungeon |   1192 |   1192 |      0 |    911 |      0 |   1 | 1192.0 |
               +--------+--------+--------+--------+--------+-----+--------+

Top non-repeatable levels by time:
       D: 1192 daAuts
